 Dungeon Crawl Stone Soup version 0.21.1-1-g345015f (webtiles) character file.

130 sankara the Sneak (level 4, -6/21 HPs)
             Began as a Spriggan Enchanter on Feb 15, 2018.
             Killed by nerve-wracking pain
             ... invoked by an orc priest
              (12 damage)
             ... on level 3 of the Dungeon.
             The game lasted 00:09:18 (3336 turns).

sankara the Sneak (Spriggan Enchanter)              Turns: 3336, Time: 00:09:19

Health: -6/21      AC:  2    Str:  4    XL:     4   Next: 90%
Magic:  3/10       EV: 18    Int: 17    God:
Gold:   116        SH:  0    Dex: 16    Spells: 4/10 levels left

rFire    . . .     SeeInvis +   a - +1 dagger
rCold    . . .     Gourm    .   (shield restricted)
rNeg     . . .     Faith    .   b - +0 robe
rPois    .         Spirit   .   (helmet restricted)
rElec    .         Reflect  .   (no cloak)
rCorr    .         Harm     .   (gloves unavailable)
MR       .....                  (boots unavailable)
Stlth    +++.......             (no amulet)
HPRegen  0.07/turn              (no ring)
MPRegen  0.12/turn              (no ring)

@: very quick
A: very small, unfitting armour, see invisible, herbivore, speed 3, slow
metabolism 2
a: no special abilities


You were on level 3 of the Dungeon.
You were hungry.

You visited 1 branch of the dungeon, and saw 3 of its levels.

You collected 116 gold pieces.

Inventory:

Hand Weapons
 a - a +1 dagger (weapon)
 l - a +0 hunting sling
Missiles
 h - 2 tomahawks of returning (quivered)
 k - 43 stones
 m - 23 poisoned needles
 n - 8 tomahawks
 r - 8 needles of sleeping
Armour
 b - a +0 robe (worn)
Scrolls
 e - a scroll of random uselessness {unknown}
 f - 3 scrolls of identify {unknown}
 g - a scroll of immolation {unknown}
 j - 2 scrolls of amnesia {unknown}
 p - a scroll of teleportation {unknown}
 s - a scroll of fear {unknown}
Potions
 i - a potion of might {unknown}
 o - a potion of berserk rage {unknown}
 q - a potion of lignification {unknown}
 t - a potion of haste {unknown}
Books
 c - a book of Maledictions

   Spells                             Type                      Level
   a - Corona                         Hexes                        1
   b - Ensorcelled Hibernation        Hexes/Ice                    2
   c - Confuse                        Hexes                        3
   d - Tukima's Dance                 Hexes                        3
   e - Dazzling Spray                 Conjuration/Hexes            3
Comestibles
 d - 2 rations


   Skills:
 - Level 1.1 Short Blades
 - Level 3.0 Dodging
 * Level 6.7 Stealth
 + Level 3.7 Spellcasting
 + Level 4.5 Hexes
 - Level 1.0 Ice Magic


You had 4 spell levels left.
You knew the following spells:

 Your Spells              Type           Power        Failure   Level  Hunger
a - Ensorcelled Hibernat  Hex/Ice        ##....       8%          2    ##.....
b - Confuse               Hex            ###.....     8%          3    ###....
y - Corona                Hex            ###....      2%          1    None


Dungeon Overview and Level Annotations

Branches:
Dungeon (3/15)

Altars:


Innate Abilities, Weirdness & Mutations

You are very small and have problems with some larger weapons.
You are too small for most types of armour.
You have supernaturally acute eyesight. (SInv)
You are a herbivore.
You cover ground extremely quickly.
You need consume almost no food.


Message History

The orc priest looks drowsy...
The orc shouts!
The orc misses you.
An orc comes into view.
The orc barely misses you.
An orc priest comes into view.
An orc wizard comes into view. It is wielding a dagger.
The orc wizard shouts!
The orc priest shouts! x2
The orc priest hits you with a falchion.
* * * LOW HITPOINT WARNING * * *
You hit the orc priest.
The orc priest is lightly wounded.
The orc priest calls upon Beogh to heal the orc.
The orc's wounds heal themselves!
The orc wizard mumbles some strange words.
The orc wizard blinks!
The orc priest calls down the wrath of Beogh upon you.
Pain shoots through your body!
Ouch! That really hurt!
You die...

##### ####### #...# #.....#
#...# #.....# ##...# #####
#....<#####....# ....#
#####............).# ##
....###...............<..# #...
....##..##o.....o........##...#
........)..#..oo@............###
)...##..####.............###...#
>...##.#......######.........##
.......#.ยง.o..# ##.....#####
g.............# #....#.# ..
....##).......## #....#....
####...#.....[.####....###.# #
#.#.#.............#.###.# ##
#..........#............#


You could see 2 orc priests and 3 orcs.

Vanquished Creatures
  3 gnolls
  4 adders (D:2)
  6 worms (D:2)
  2 orcs
  A ball python (D:1)
  3 giant cockroaches
  5 goblins
  7 hobgoblins (D:2)
  A quokka (D:2)
  8 bats
  3 frilled lizards
  2 kobolds
  7 rats
52 creatures vanquished.

Notes
Turn   | Place    | Note
-------+----------+-------------------------------------------
     0 | D:1      | sankara the Spriggan Enchanter began the quest for the Orb.
     0 | D:1      | Reached XP level 1. HP: 9/9 MP: 5/5
   940 | D:1      | Reached skill level 5 in Stealth
   940 | D:1      | Reached XP level 2. HP: 13/13 MP: 3/6
   944 | D:1      | Learned a level 2 spell: Ensorcelled Hibernation
  1177 | D:2      | Reached XP level 3. HP: 16/16 MP: 1/8
  1359 | D:2      | Learned a level 3 spell: Confuse
  1657 | D:2      | Reached skill level 6 in Stealth
  2016 | D:2      | Reached XP level 4. HP: 21/21 MP: 10/10
  3215 | D:3      | Reached skill level 1 in Ice Magic
  3336 | D:3      | Killed from afar by an orc priest

Skill      XL: |  1  2  3  4 |
---------------+-------------+-----
Stealth        | 5 6 |  6.7
Spellcasting   | 3 |  3.7
Hexes          | 4 |  4.5
Ice Magic      | 1 |  1.0
Short Blades   | |  1.1
Dodging        | |  3.0

Action                   |  1- 3 |  4- 6 || total
-------------------------+-------+-------++-------
Melee: Dagger            |    83 |    28 ||   111
Throw: Tomahawk          |     1 |       ||     1
 Cast: Corona            |    12 |       ||    12
       Ensorcelled Hiber |    23 |    36 ||    59
 Stab: Sleeping          |    19 |    18 ||    37
  Eat: Ration            |       |     1 ||     1
Armor: Robe              |    16 |     2 ||    18
Dodge: Dodged            |    86 |    23 ||   109
